[Event "Team 45 45 League T42"]
[Site "Internet Chess Club"]
[Date "2009.09.19"]
[Round "8"]
[White "radiohead"]
[Black "dinosaurs01"]
[Result "0-1"]
[WhiteElo "1408"]
[BlackElo "1397"]
[Opening "QGD: 4.Bg5"]
[ECO "D50"]
[Time "08:30:20"]
[TimeControl "2700+45"]

1. d4 d5 2. c4 Nf6 3. Nc3 e6 4. Bg5 c6 5. e3 Be7 6. Nf3 Nbd7 7. Bd3 h6 8. Bh4
O-O 9. O-O Bb4 10. Qc2 Bxc3 11. Qxc3 b6 12. e4 Qc7 13. e5 Nh5 14. Rac1 Bb7 15.
cxd5 exd5 16. Rfe1 Nf4 17. Nd2 Nxd3 18. Qxd3 Rae8 19. Bg3 Qd8 20. f4 c5 21. Nf3
c4 22. Qc2 Re6 23. f5 Re7 24. Nh4 b5 25. Rf1 Qb6 26. Bf2 a5 27. Be3 Nxe5 28.
Rcd1 Nd3 29. Rf3 Rfe8 30. Rxd3 cxd3 31. Qxd3 Ba6 32. Rg3 Re4 33. Bxh6 Qxh6 34.
Nf3 Qc1+ 35. Kf2 Qxb2+ 36. Nd2 b4 37. Rxg7+ Kxg7 38. Qg3+ Kf8 39. Qd6+ R8e7 40.
Qb8+ Kg7 41. Qg3+ Kf6 42. Qd6+ R4e6 43. fxe6 Qxd2+ 44. Kg3 Qe3+ 45. Kg4 Qxe6+
46. Qxe6+ Rxe6 {White resigns} 0-1

[Event "Team 45 45 League T42"]
[Site "Internet Chess Club"]
[Date "2009.09.20"]
[Round "8"]
[White "taichichen"]
[Black "MikeA"]
[Result "0-1"]
[WhiteElo "1238"]
[BlackElo "1356"]
[Opening "Sicilian: Alapin's variation (2.c3)"]
[ECO "B22"]
[Time "20:00:12"]
[TimeControl "2700+45"]

1. e4 c5 2. c3 d5 3. f3 Nc6 4. Bb5 e5 5. Ne2 Ne7 6. d4 a6 7. Ba4 c4 8. Nd2 g6 9.
Bxc6+ Nxc6 10. b3 b5 11. O-O Bg7 12. dxe5 Nxe5 13. Nf4 dxe4 14. fxe4 O-O 15.
bxc4 Nxc4 16. Nxc4 bxc4 17. Nd5 Be5 18. Qa4 Bxc3 19. Nxc3 Qd4+ 20. Kh1 Qxc3 21.
Ba3 Bd7 22. Qxd7 Qxa3 23. Rf2 Qd3 24. Qb7 Rab8 25. Qxa6 Rb1+ 26. Rxb1 Qxb1+ 27.
Rf1 Qxf1# {White checkmated} 0-1

[Event "Team 45 45 League T42"]
[Site "Internet Chess Club"]
[Date "2009.09.20"]
[Round "8"]
[White "GadsHill"]
[Black "dscvdchk"]
[Result "0-1"]
[WhiteElo "1545"]
[BlackElo "1638"]
[Opening "Grünfeld: Stockholm variation"]
[ECO "D80"]
[Time "21:00:56"]
[TimeControl "2700+45"]

1. d4 Nf6 2. c4 g6 3. Nc3 d5 4. Bg5 Ne4 5. Bf4 Nxc3 6. bxc3 c6 7. e3 Bg7 8. Nf3
O-O 9. cxd5 Qxd5 10. Be2 Nd7 11. O-O Nf6 12. Qb3 Qxb3 13. axb3 Nd5 14. Rfc1 Nxf4
15. exf4 Bh6 16. g3 Bg4 17. Re1 Bg7 18. Ne5 Bxe2 19. Rxe2 Rfd8 20. Rd1 c5 21. d5
f6 22. Nf3 Bf8 23. c4 Kf7 24. Re6 Rd6 25. Rxd6 exd6 26. Re1 Re8 27. Rxe8 Kxe8
28. Kf1 Kd7 29. Ke2 a6 30. Kd3 b5 31. cxb5 axb5 32. g4 Bh6 33. f5 gxf5 34. gxf5
Bf4 35. h3 Kc7 36. Nd2 Bxd2 37. Kxd2 Kb6 38. Kd3 h5 39. h4 Ka6 40. Kc3 Kb6 41.
b4 cxb4+ {White resigns} 0-1

[Event "Team 45 45 League T42"]
[Site "Internet Chess Club"]
[Date "2009.09.20"]
[Round "8"]
[White "UriahHeep"]
[Black "wrimle"]
[Result "0-1"]
[WhiteElo "1315"]
[BlackElo "1425"]
[Opening "Scandinavian defense"]
[ECO "B01"]
[Time "16:00:18"]
[TimeControl "2700+45"]

1. e4 d5 2. exd5 Nf6 3. Nc3 Nxd5 4. Nxd5 Qxd5 5. Nf3 e5 6. c4 Qa5 7. Be2 Bd6 8.
O-O O-O 9. Qc2 Nd7 10. Bd3 Nf6 11. Re1 Re8 12. Ng5 g6 13. a3 c5 14. Ne4 Nxe4 15.
Bxe4 Qc7 16. d3 Bf8 17. Bd2 Rb8 18. Bd5 Be6 19. Bxe6 Rxe6 20. Re3 Rbe8 21. Rae1
b6 22. Rh3 f5 23. Bh6 Bxh6 24. Rxh6 e4 25. dxe4 Rxe4 26. Rxe4 Rxe4 27. Qd2 Qe7
28. Qd5+ Qf7 29. Qxf7+ Kxf7 30. g3 Kg7 31. Rh4 Kf6 32. Rxe4 fxe4 33. Kf1 Ke5 34.
Ke2 Kd4 35. b3 a6 36. Kd2 g5 37. g4 b5 38. cxb5 axb5 39. a4 bxa4 40. bxa4 Kc4
41. a5 Kb5 42. a6 Kxa6 43. Ke3 Kb5 44. Kxe4 c4 45. Kf5 c3 46. Kxg5 c2 47. f4
c1=Q 48. h4 Qc6 49. Kf5 Qg6+ {White resigns} 0-1

[Event "Team 45 45 League T42"]
[Site "Internet Chess Club"]
[Date "2009.09.18"]
[Round "8"]
[White "cobra2008"]
[Black "arconia"]
[Result "1-0"]
[WhiteElo "1597"]
[BlackElo "1333"]
[Opening "Sicilian: Sozin, 7.Be3"]
[ECO "B89"]
[Time "21:00:08"]
[TimeControl "2700+45"]

1. e4 c5 2. Nf3 Nc6 3. Bc4 e6 4. d4 cxd4 5. Nxd4 d6 6. Nc3 Nf6 7. Be3 e5 8. Nxc6
bxc6 9. O-O Be7 10. Qf3 h5 11. h3 Qd7 12. Bg5 Bb7 13. Rad1 d5 14. exd5 c5 15.
Bb5 Bxd5 16. Bxd7+ Kxd7 17. Nxd5 {Black resigns} 1-0

[Event "Team 45 45 League T42"]
[Site "Internet Chess Club"]
[Date "2009.09.20"]
[Round "8"]
[White "seldredg"]
[Black "sdcohle"]
[Result "0-1"]
[WhiteElo "1414"]
[BlackElo "1376"]
[Opening "Grünfeld: 5.Bg5"]
[ECO "D91"]
[Time "16:30:48"]
[TimeControl "2700+45"]

1. d4 Nf6 2. c4 g6 3. Nc3 Bg7 4. Nf3 d5 5. Bg5 c6 6. Qb3 O-O 7. Bxf6 Bxf6 8.
cxd5 cxd5 9. Nxd5 Bg7 10. Rc1 Nc6 11. e3 Be6 12. Bc4 Na5 13. Nxe7+ Qxe7 14. Qd3
Qb4+ 15. Nd2 Nxc4 16. a3 Qxb2 17. Rxc4 Bxc4 18. Qxc4 Qa1+ 19. Ke2 Qxh1 {White
resigns} 0-1

[Event "Team 45 45 League T42"]
[Site "Internet Chess Club"]
[Date "2009.09.16"]
[Round "8"]
[White "john-beebs"]
[Black "GabGag"]
[Result "0-1"]
[WhiteElo "1484"]
[BlackElo "2032"]
[Opening "Four knights: Spanish, classical defense"]
[ECO "C48"]
[Time "16:38:13"]
[TimeControl "2700+45"]

1. e4 e5 2. Nf3 Nf6 3. Nc3 Nc6 4. Bb5 Bc5 5. O-O d6 6. Re1 O-O 7. d3 h6 8. h3
Ne7 9. Be3 Bb6 10. Bc4 c6 11. d4 exd4 12. Nxd4 Ng6 13. Nf5 Bxe3 14. Rxe3 Ne5 15.
Nxd6 Qc7 16. Qd4 Nxc4 17. Nxc4 Rd8 18. Qe5 Qxe5 19. Nxe5 Be6 20. Ne2 Rd2 21. Rc1
g5 22. Ng3 Rad8 23. Rd3 a5 24. Rxd8+ Rxd8 25. Nf5 Nxe4 26. g4 Bxf5 27. gxf5 Rd5
28. Ng4 Kg7 29. Ne3 Rd2 30. Ng4 h5 31. f6+ Nxf6 32. Nxf6 Kxf6 33. Kf1 b5 34. Ke1
Rd4 35. Ke2 Ke5 36. c3 Re4+ 37. Kd3 c5 38. b3 f5 39. f3 c4+ 40. bxc4 bxc4+ 41.
Kc2 Re2+ 42. Kb1 Kf4 43. Rf1 Ke3 44. a4 Kd2 {White resigns} 0-1

[Event "Team 45 45 League T42"]
[Site "Internet Chess Club"]
[Date "2009.09.21"]
[Round "8"]
[White "KingOfHearts"]
[Black "fuzzface"]
[Result "1-0"]
[WhiteElo "1240"]
[BlackElo "1379"]
[Opening "King's pawn game"]
[ECO "C50"]
[Time "10:00:12"]
[TimeControl "2700+45"]

1. e4 e5 2. Nf3 Nc6 3. Bc4 h6 4. Nc3 Nf6 5. a3 a6 6. b4 b5 7. Bb3 Bb7 8. Bb2 d6
9. O-O Nd4 10. Nxd4 exd4 11. Nd5 Qd7 12. Nxf6+ gxf6 13. Bxd4 Rg8 14. Kh1 O-O-O
15. Bxf6 Re8 16. f3 Rxe4 17. fxe4 Bxe4 18. Rf3 Qg4 19. Qe2 Bxf3 20. gxf3 Qd7 21.
Qe4 c6 22. Rg1 Rxg1+ 23. Kxg1 d5 24. Qg4 Qxg4+ 25. fxg4 Bd6 26. Kg2 Kd7 27. Kf3
Ke6 28. Bg7 Be7 29. Bxh6 Bh4 30. h3 f6 31. c3 Be1 32. Bc2 Bh4 33. Bf5+ Ke7 34.
Bc8 Kd6 35. Bxa6 Bg5 36. Bxg5 fxg5 37. Bc8 c5 38. bxc5+ Kxc5 39. d3 d4 40. cxd4+
Kxd4 41. Bf5 Kc3 42. Ke4 Kb3 43. d4 Kxa3 44. d5 b4 45. d6 b3 46. Ke5 b2 47. d7
Ka2 48. d8=Q b1=Q 49. Bxb1+ Kxb1 {Black resigns} 1-0

[Event "Team 45 45 League T42"]
[Site "Internet Chess Club"]
[Date "2009.09.17"]
[Round "8"]
[White "milesotoole"]
[Black "The-Capitalist"]
[Result "1-0"]
[WhiteElo "1378"]
[BlackElo "1320"]
[Opening "Queen's bishop game"]
[ECO "D02"]
[Time "21:24:55"]
[TimeControl "2700+45"]

1. d4 d5 2. Nf3 Nf6 3. Bf4 e6 4. e3 c5 5. c3 Nc6 6. Bd3 Bd6 7. Bxd6 Qxd6 8. O-O
O-O 9. Nbd2 e5 10. dxc5 Qxc5 11. e4 Be6 12. Re1 Bg4 13. exd5 Qxd5 14. Bc4 Qc5
15. b4 Qd6 16. Ne4 Qxd1 17. Raxd1 Nxe4 18. Rxe4 Bxf3 19. gxf3 Rad8 20. Ree1 Rxd1
21. Rxd1 a6 22. Kf1 b5 23. Bd5 Rd8 24. Ke1 Nd4 25. Bb7 Nc2+ 26. Ke2 Rxd1 27.
Kxd1 Na3 28. Bxa6 Nb1 29. Kc2 Na3+ 30. Kb3 Nc4 31. Kc2 Nd6 32. Kd3 f6 33. c4
Nxc4 34. Bxb5 Nd6 35. a4 Kf8 36. Kc3 Nxb5+ 37. axb5 Ke7 38. Kc4 Kd7 39. Kc5 Kc7
40. b6+ Kb7 41. Kd6 Kxb6 42. Ke7 f5 43. Ke6 Kb5 44. Kxe5 g6 45. Kf6 Kxb4 46. Kg7
g5 47. Kxh7 Kc4 48. Kg6 g4 49. fxg4 fxg4 50. Kg5 Kd3 51. Kxg4 Ke2 52. h4 Kxf2
53. h5 {Black resigns} 1-0

[Event "Team 45 45 League T42"]
[Site "Internet Chess Club"]
[Date "2009.09.19"]
[Round "8"]
[White "kjs110"]
[Black "MateIn42"]
[Result "1-0"]
[WhiteElo "1138"]
[BlackElo "1291"]
[Opening "Two knights defense (Modern bishop's opening)"]
[ECO "C55"]
[Time "21:31:10"]
[TimeControl "2700+45"]

1. e4 e5 2. Nf3 Nc6 3. Bc4 Nf6 4. d3 d5 5. exd5 Nxd5 6. O-O Be7 7. Re1 Bg4 8. h3
Bxf3 9. Qxf3 Nf6 10. c3 O-O 11. Be3 a6 12. Nd2 Rb8 13. a3 Na5 14. Ba2 Qxd3 15.
Qg3 Qd6 16. Bh6 Ne8 17. Rxe5 Qxh6 18. Rxe7 Nc6 19. Re2 Rd8 20. Nf3 Qd6 21. Qxd6
Rxd6 22. Rae1 Nf6 23. g4 h6 24. Ne5 Nxe5 25. Rxe5 Rd2 26. Rb1 Rfd8 27. Re7 Nd5
28. Re5 Nxc3 29. bxc3 Rxa2 30. Rxb7 Rdd2 31. Rf5 Rd7 32. Ra5 Rdd2 33. Rf5 f6 34.
Rxc7 Rxa3 35. c4 Rc2 36. Rd5 Rxh3 37. Rdd7 Rf3 38. Rxg7+ Kf8 39. Rcf7+ Ke8 40.
Re7+ Kd8 41. Ref7 Re2 42. Ra7 {Black resigns} 1-0

[Event "Team 45 45 League T42"]
[Site "Internet Chess Club"]
[Date "2009.09.19"]
[Round "8"]
[White "SATELLITE-DAN"]
[Black "jacknor"]
[Result "0-1"]
[WhiteElo "1640"]
[BlackElo "1623"]
[Opening "King's Indian, 3.Nf3"]
[ECO "E90"]
[Time "19:03:04"]
[TimeControl "2700+45"]

1. d4 Nf6 2. Nf3 g6 3. c4 Bg7 4. Nc3 O-O 5. e4 d6 6. Qc2 Na6 7. a3 c5 8. dxc5
Nxc5 9. Be3 Ng4 10. Bf4 b6 11. Rd1 Qc7 12. Be2 Bxc3+ 13. bxc3 Bd7 14. Rb1 Ba4
15. Qc1 Nxe4 16. O-O Nc5 17. Nd4 Nf6 18. Nb5 Qd7 19. Qe3 a6 20. Nd4 e5 21. Bh6
Rfb8 22. Nf3 Ng4 23. Qc1 Nb3 24. Qg5 f6 25. Qh4 Nxh6 26. Qxh6 Nc5 27. Nd2 b5 28.
h4 Qg7 29. Qe3 Ra7 30. Rb4 Re7 31. Rfb1 Qf8 32. cxb5 axb5 33. Bxb5 Bxb5 34. Rxb5
Rxb5 35. Rxb5 Qa8 36. Nc4 Qd5 37. Nd2 Qc6 38. Rb8+ Kg7 39. Rb4 Rb7 40. g3 Na6
41. Rg4 f5 42. Rc4 Qd7 43. Kh2 h6 44. f4 e4 45. Qd4+ Kh7 46. Ra4 Nc5 47. Ra8 Qg7
48. Qxd6 Nd3 49. Nc4 Qxc3 {White forfeits on time} 0-1

[Event "Team 45 45 League T42"]
[Site "Internet Chess Club"]
[Date "2009.09.20"]
[Round "8"]
[White "smsxman"]
[Black "alaskauk"]
[Result "1-0"]
[WhiteElo "1534"]
[BlackElo "1516"]
[Opening "Caro-Kann defense"]
[ECO "B10"]
[Time "13:00:22"]
[TimeControl "2700+45"]

1. e4 c6 2. Nf3 d5 3. exd5 cxd5 4. d4 Nc6 5. Nc3 Nf6 6. Bb5 Bd7 7. O-O a6 8. Be2
g6 9. Bg5 e6 10. Re1 Bg7 11. Bd3 Qb6 12. Bxf6 Bxf6 13. Nxd5 Qd8 14. Nxf6+ Qxf6
15. d5 Nd8 16. dxe6 Bxe6 17. Nd4 O-O 18. c3 Rc8 19. Qe2 Re8 20. Qd2 Nc6 21. Nf3
Rcd8 22. Qc2 Kg7 23. Be4 Bd7 24. Bd3 Ne5 25. Nxe5 Rxe5 26. Rxe5 Qxe5 27. Be4 Re8
28. f3 Qc5+ 29. Qf2 Qc7 30. Rd1 b5 31. Qd4+ {Black resigns} 1-0

[Event "Team 45 45 League T42"]
[Site "Internet Chess Club"]
[Date "2009.09.20"]
[Round "8"]
[White "dpmdpm"]
[Black "orrgroup"]
[Result "1-0"]
[WhiteElo "1377"]
[BlackElo "1290"]
[Opening "Caro-Kann: Steinitz variation"]
[ECO "B17"]
[Time "13:03:16"]
[TimeControl "2700+45"]

1. e4 c6 2. d4 d5 3. Nc3 dxe4 4. Nxe4 Nd7 5. Bd3 Ndf6 6. Nxf6+ Nxf6 7. Nf3 Bg4
8. Be3 e6 9. h3 Bh5 10. O-O Be7 11. Be2 Bg6 12. Ne5 O-O 13. Bd3 Qc7 14. Qd2 Rad8
15. Bxg6 fxg6 16. Qe2 Nd5 17. Qg4 Nxe3 18. Qxe6+ Kh8 19. fxe3 Bf6 20. g4 Rd6 21.
Nf7+ Qxf7 22. Qxd6 g5 23. e4 Qe8 24. Qb4 Qxe4 25. Qxf8# {Black checkmated} 1-0

[Event "Team 45 45 League T42"]
[Site "Internet Chess Club"]
[Date "2009.09.20"]
[Round "8"]
[White "DrOMM"]
[Black "farbror"]
[Result "1-0"]
[WhiteElo "1288"]
[BlackElo "1217"]
[Opening "Vienna gambit"]
[ECO "C25"]
[Time "16:01:45"]
[TimeControl "2700+45"]

1. e4 e5 2. Nc3 Nc6 3. f4 Bc5 4. Nf3 exf4 5. d4 Bb4 6. Bxf4 Bxc3+ 7. bxc3 d6 8.
Be2 Bg4 9. O-O Bxf3 10. Bxf3 Nf6 11. e5 dxe5 12. dxe5 Qxd1 13. Raxd1 Nd7 14.
Rfe1 O-O-O 15. e6 fxe6 16. Rxe6 Rhe8 17. Rde1 Rxe6 18. Rxe6 Ndb8 19. Bg4 Nd7 20.
Re3 Nb8 21. Rd3 b6 22. c4 Na6 23. a3 Nc5 24. Re3 h6 25. Re7 g5 26. Be5 Na4 27.
Bg7 Nb2 28. Bxh6 Nxc4 29. Bxg5 Nxa3 30. c3 a5 31. Rf7 Nc4 32. Bxd8 Kxd8 33.
Rxd7+ Ke8 34. Rxc7 a4 35. Rxc4 {Black resigns} 1-0